 Dungeon Crawl Stone Soup version 0.28.0-47-ge53b351184 (webtiles) character file.

Game seed: 5532788548515393805

1895 brightshaft the Caller (level 9, -6/65 HPs)
             Began as a Gnoll Summoner on Apr 24, 2022.
             Killed from afar by a steam dragon (11 damage)
             ... with a ball of steam
             ... on level 7 of the Dungeon on May 8, 2022.
             The game lasted 00:15:53 (8082 turns).

brightshaft the Caller (Gnoll Summoner)             Turns: 8082, Time: 00:15:53

Health: -6/65      AC:  5    Str:  8    XL:     9   Next: 15%
Magic:  15/18      EV: 14    Int: 19    God:
Gold:   260        SH:  0    Dex: 12    Spells: 12/20 levels left

rFire   . . .      SeeInvis .   B - +2 halberd (venom)
rCold   . . .      Faith    .   (shield currently unavailable)
rNeg    . . .      Spirit   .   a - +0 robe
rPois   +          Reflect  .   (no helmet)
rElec   .          Harm     .   d - +1 cloak
rCorr   .          Rampage  .   (no gloves)
Will    .....                   o - +0 pair of boots
Stlth   +++.......              (no amulet)
HPRegen 0.20/turn               f - ring of poison resistance
MPRegen 0.16/turn               (no ring)

@: no status effects
A: fangs 1, strong nose, distributed training
a: no special abilities


You were on level 7 of the Dungeon.
You visited 1 branch of the dungeon, and saw 7 of its levels.

You collected 260 gold pieces.

Inventory:

Hand Weapons
 v - a +3 short sword of freezing
 B - a +2 halberd of venom (weapon)
Armour
 a - a +0 robe (worn)
 d - a +1 cloak (worn)
 o - a +0 pair of boots (worn)
 s - a +0 ring mail
Magical Staves
 A - a staff of conjuration
Jewellery
 f - a ring of poison resistance (left hand)
 h - a ring of willpower
 t - a ring of fire
Wands
 q - a wand of charming (6)
 w - a wand of flame (12) {@v2}
Scrolls
 b - 2 scrolls of identify {@r1}
 p - 3 scrolls of amnesia
 r - 5 scrolls of noise
 u - a scroll of teleportation {unknown}
 y - a scroll of summoning {unknown}
 z - 2 scrolls of enchant weapon
 C - a scroll of acquirement {unknown}
Potions
 c - a potion of attraction
 e - a potion of degeneration
 g - a potion of might
 i - 2 potions of invisibility {unknown}
 j - 3 potions of haste {unknown}
 k - a potion of ambrosia {unknown}
 l - 3 potions of curing {unknown}
 m - a potion of flight {unknown}
 n - a potion of brilliance {unknown}
 x - a potion of cancellation {unknown}


   Skills:
 + Level 4.0 Fighting
 + Level 4.0 Short Blades
 + Level 4.0 Long Blades
 + Level 4.0 Axes
 + Level 4.0 Maces & Flails
 + Level 4.0 Polearms
 + Level 4.0 Staves
 + Level 4.0 Slings
 + Level 4.0 Bows
 + Level 4.0 Crossbows
 + Level 4.0 Throwing
 + Level 4.0 Armour
 + Level 6.1 Dodging
 + Level 5.8 Stealth
 + Level 4.0 Shields
 + Level 4.0 Unarmed Combat
 + Level 6.4 Spellcasting
 + Level 3.2 Conjurations
 + Level 3.2 Hexes
 + Level 7.9 Summonings
 + Level 3.2 Necromancy
 + Level 3.2 Translocations
 + Level 3.2 Transmutations
 + Level 3.2 Fire Magic
 + Level 3.2 Ice Magic
 + Level 3.2 Air Magic
 + Level 3.2 Earth Magic
 + Level 3.2 Poison Magic
 + Level 4.3 Invocations
 + Level 4.0 Evocations


You had 12 spell levels left.
You knew the following spells:

 Your Spells              Type           Power      Damage    Failure   Level
a - Call Canine Familiar  Summ           36%        N/A       1%          3
b - Call Imp              Summ           36%        N/A       1%          2
c - Summon Guardian Gole  Hex/Summ       27%        N/A       3%          3

Your spell library contained the following spells:

 Spells                   Type           Power      Damage    Failure   Level
 Summon Small Mammal      Summ           100%       N/A       1%          1
 Animate Skeleton         Necr           36%        N/A       2%          1
 Apportation              Tloc           36%        N/A       2%          1
 Sublimation of Blood     Necr           18%        N/A       4%          2
 Wereblood                Tmut           18%        N/A       4%          2
 Gell's Gravitas          Tloc           18%        N/A       9%          3
 Teleport Other           Tloc           18%        N/A       9%          3
 Tukima's Dance           Hex            18%        N/A       9%          3
 Summon Lightning Spire   Summ/Air       27%        N/A       11%         4
 Passage of Golubria      Tloc           18%        N/A       28%         4
 Petrify                  Tmut/Erth      18%        N/A       28%         4
 Metabolic Englaciation   Hex/Ice        9%         N/A       61%         5
 Yara's Violent Unravell  Hex/Tmut       9%         3d6       61%         5
 Summon Hydra             Summ           18%        N/A       98%         7
 Dispersal                Tloc           9%         N/A       99%         6
 Statue Form              Tmut/Erth      12%        N/A       99%         6


Dungeon Overview and Level Annotations

Branches:
Dungeon (7/15)
 Temple: D:4-7

Altars:
Makhleb
Okawaru

Shops:
D:3 :   D:4 ?


Innate Abilities, Weirdness & Mutations

You have very sharp teeth.
Your uncanny sense of smell can sniff out nearby items.
Your experience applies equally to all skills.


Message History

The ball of steam hits you!
Reach: B) +2 halberd (venom)
Press: ? - help, Dir - move target, f - steam dragon
Aim: a steam dragon (ally target, about 43% to evade your +2 halberd of venom)
You reach to attack!
You completely miss the steam dragon.
The steam dragon bites your guardian golem but does no damage.
The steam dragon claws your guardian golem.
The steam dragon breathes steam at you.
The ball of steam hits your guardian golem.
Your guardian golem completely resists.
The ball of steam misses you.
Reach: B) +2 halberd (venom)
Press: ? - help, Dir - move target, f/p - steam dragon
Aim: a steam dragon (catching its breath, ally target, about 43% to evade your +2 halberd of venom)
You could not reach far enough!
You are engulfed in a cloud of scalding steam.
The steam dragon bites your guardian golem.
The steam dragon claws your guardian golem but does no damage.
Reach: B) +2 halberd (venom)
Press: ? - help, Dir - move target, f/p - steam dragon
Aim: a steam dragon (catching its breath, ally target, about 43% to evade your +2 halberd of venom)
You could not reach far enough!
You are engulfed in a cloud of scalding steam.
The steam dragon bites your guardian golem but does no damage.
The steam dragon claws your guardian golem but does no damage.
Your guardian golem disappears in a puff of smoke!
Reach: B) +2 halberd (venom)
Press: ? - help, Dir - move target, f/p - steam dragon
Aim: a steam dragon (steam, about 43% to evade your +2 halberd of venom)
Okay, then.
Casting: Summon Guardian Golem (dangerous; 3% risk of failure)
Press: ? - help, Q - select action, (/) - cycle Dir - look around, f - activate A guardian golem appears, shielding your allies.
The steam dragon misses you. x2
The steam dragon breathes steam at you. The ball of steam hits you!
* * * LOW HITPOINT WARNING * * *
The steam dragon breathes steam at you. The ball of steam hits you!
You die...

# #.# #.#.# ## # #.#
#.#.# .. # ∆∆ #.#
#.#.# .# # #.###.#.#
.# # #.......# .#
#.#####.# .#
###.#####.####.####.#
#................D..#
#.#D##@....###.######
#.#.##§###.# ∆g)# #
#.##§# #.# #...
#.##D# #.# ...#
#.9..# #.# ####
####.# #.# #.# #.#
#.# #.. ... ...


There were no monsters in sight!

Vanquished Creatures
  A water moccasin (D:6)
  A black bear (D:5)
  A sky beast (D:5)
  A necrophage (D:5)
  An ogre (D:6)
  A centaur (D:6)
  2 bullfrogs
  A water moccasin skeleton (D:5)
  A bullfrog zombie (D:5)
  A jelly (D:6)
  2 centaur skeletons
  An orc priest (D:4)
  A bullfrog skeleton (D:5)
  2 iguanas (D:4)
  2 gnolls
  2 adders
  2 shadow imps (D:5)
  A white imp (D:7)
  A worm (D:2)
  2 orcs
  7 endoplasms
  3 goblins
  A hobgoblin (D:4)
  A quokka (D:4)
  4 ball pythons
  A bat (D:1)
  2 frilled lizards
  4 kobolds
  3 rats
53 creatures vanquished.

Vanquished Creatures (collateral kills)
  Sigmund (D:3)
  2 phantoms
  A wyvern skeleton (D:3)
  2 wights
  A jelly (D:5)
  An orc priest (D:4)
  An iguana (D:4)
  A gnoll (D:6)
  2 adders
  A shadow imp (D:3)
  2 worms
  A dart slug (D:1)
  4 orcs
  2 endoplasms
  3 giant cockroaches
  2 goblins
  4 hobgoblins
  A quokka (D:3)
  3 ball pythons
  3 bats
  2 frilled lizards (D:1)
  A kobold (D:1)
  A rat (D:1)
42 creatures vanquished.

Vanquished Creatures (others)
  An ogre (D:6)
  3 wights (D:6)
  5 gnolls
  A howler monkey skeleton (D:6)
10 creatures vanquished.

Grand Total: 105 creatures vanquished

Notes
Turn   | Place    | Note
-------+----------+-------------------------------------------
     0 | D:1      | brightshaft the Gnoll Summoner began the quest for the Orb.
     0 | D:1      | Reached XP level 1. HP: 13/13 MP: 6/6
   404 | D:1      | Found a faded altar of an unknown god.
   441 | D:1      | Reached XP level 2. HP: 17/19 MP: 4/7
   444 | D:1      | Learned a level 2 spell: Call Imp
  1206 | D:2      | Reached XP level 3. HP: 24/25 MP: 9/9
  1261 | D:2      | Reached skill level 5 in Spellcasting
  1452 | D:2      | Found an iron altar of Okawaru.
  1552 | D:2      | Reached skill level 1 in Invocations
  2078 | D:2      | Learned a level 3 spell: Call Canine Familiar
  2127 | D:3      | Reached skill level 1 in Fighting
  2127 | D:3      | Reached skill level 1 in Short Blades
  2127 | D:3      | Reached skill level 1 in Long Blades
  2127 | D:3      | Reached skill level 1 in Axes
  2127 | D:3      | Reached skill level 1 in Maces & Flails
  2127 | D:3      | Reached skill level 1 in Polearms
  2127 | D:3      | Reached skill level 1 in Staves
  2127 | D:3      | Reached skill level 1 in Slings
  2127 | D:3      | Reached skill level 1 in Bows
  2127 | D:3      | Reached skill level 1 in Crossbows
  2127 | D:3      | Reached skill level 1 in Throwing
  2127 | D:3      | Reached skill level 1 in Armour
  2127 | D:3      | Reached skill level 1 in Shields
  2127 | D:3      | Reached skill level 1 in Unarmed Combat
  2127 | D:3      | Reached skill level 1 in Evocations
  2184 | D:3      | Reached skill level 1 in Conjurations
  2184 | D:3      | Reached skill level 1 in Hexes
  2184 | D:3      | Reached skill level 1 in Necromancy
  2184 | D:3      | Reached skill level 1 in Translocations
  2184 | D:3      | Reached skill level 1 in Transmutations
  2184 | D:3      | Reached skill level 1 in Fire Magic
  2184 | D:3      | Reached skill level 1 in Ice Magic
  2184 | D:3      | Reached skill level 1 in Air Magic
  2184 | D:3      | Reached skill level 1 in Earth Magic
  2184 | D:3      | Reached skill level 1 in Poison Magic
  2184 | D:3      | Reached XP level 4. HP: 23/32 MP: 7/11
  2494 | D:3      | Noticed Sigmund
  2522 | D:3      | Killed Sigmund
  2523 | D:3      | Reached XP level 5. HP: 38/38 MP: 5/12
  2523 | D:3      | Reached XP level 6. HP: 44/44 MP: 5/14
  2754 | D:3      | Found Tick's Book Boutique.
  2760 | D:3      | Upgraded the game from 0.28.0-45-g0d030f2227 to
                  | 0.28.0-47-ge53b351184
  2770 | D:3      | Found a burning altar of Makhleb.
  3095 | D:4      | Reached skill level 5 in Dodging
  3723 | D:4      | Found Ihonn's Magic Scroll Emporium.
  3801 | D:4      | Reached XP level 7. HP: 28/50 MP: 10/15
  4794 | D:4      | Learned a level 3 spell: Summon Guardian Golem
  4825 | D:5      | Entered Level 5 of the Dungeon
  5069 | D:5      | Reached skill level 5 in Stealth
  5450 | D:5      | Reached XP level 8. HP: 39/57 MP: 12/16
  7375 | D:6      | Reached XP level 9. HP: 61/65 MP: 15/18
  8082 | D:7      | Killed from afar by a steam dragon

Illustrated notes

Levels and vault maps discovered:
D:1:      nicolae_arrival_washed_ashore, layout_rooms,
          shapermc_ecumenical_altar_ellora
D:2:      layout_basic, basic_altar
D:3:      layout_rooms, mainiacjoe_overflow_alcove_2, serial_shops, shop,
          minivault_5, minmay_misc_feat_enclosed, dk_vineyard_1,
          minmay_misc_feat_plants, chequers_jeans, uniq_sigmund
D:4:      layout_rooms, serial_shops, shop_scrolls
D:5:      layout_loops_corners
D:6:      layout_basic
D:7:      layout_loops_ring, lemuel_temple_firewalk_b,
          ebering_ghost_reflecting_pool

Skill      XL: |  1  2  3  4  5  6  7  8  9 |
---------------+----------------------------+-----
Spellcasting   | 5 6 |  6.4
Invocations    | 1 2 3 4 |  4.3
Fighting       | 1 2 3 4 |  4.0
Short Blades   | 1 2 3 4 |  4.0
Long Blades    | 1 2 3 4 |  4.0
Axes           | 1 2 3 4 |  4.0
Maces & Flails | 1 2 3 4 |  4.0
Polearms       | 1 2 3 4 |  4.0
Staves         | 1 2 3 4 |  4.0
Slings         | 1 2 3 4 |  4.0
Bows           | 1 2 3 4 |  4.0
Crossbows      | 1 2 3 4 |  4.0
Throwing       | 1 2 3 4 |  4.0
Armour         | 1 2 3 4 |  4.0
Shields        | 1 2 3 4 |  4.0
Unarmed Combat | 1 2 3 4 |  4.0
Evocations     | 1 2 3 4 |  4.0
Conjurations   | 1 2 3 |  3.2
Hexes          | 1 2 3 |  3.2
Necromancy     | 1 2 3 |  3.2
Translocations | 1 2 3 |  3.2
Transmutations | 1 2 3 |  3.2
Fire Magic     | 1 2 3 |  3.2
Ice Magic      | 1 2 3 |  3.2
Air Magic      | 1 2 3 |  3.2
Earth Magic    | 1 2 3 |  3.2
Poison Magic   | 1 2 3 |  3.2
Dodging        | 5 6 |  6.1
Stealth        | 5 |  5.8
Summonings     | |  7.9

Action                   |  1- 3 |  4- 6 |  7- 9 || total
-------------------------+-------+-------+-------++-------
Melee: Unarmed           |    35 |       |       ||    35
       Bite              |     9 |     3 |    20 ||    32
       Short sword       |    65 |    31 |    68 ||   164
       Punch             |     1 |       |     5 ||     6
       Dagger            |       |       |    72 ||    72
       Halberd           |       |       |    41 ||    41
 Cast: Summon Small Mamm |    11 |       |       ||    11
       Call Imp          |    23 |     2 |     3 ||    28
       Call Canine Famil |     2 |    18 |    15 ||    35
       Summon Guardian G |       |       |    14 ||    14
  Use: Scroll            |     6 |     1 |     4 ||    11
 Stab: Sleeping          |     6 |     4 |     6 ||    16
       Distracted        |     1 |       |     1 ||     2
Armor: Robe              |    23 |     9 |    36 ||    68
       Ring mail         |       |     1 |     1 ||     2
Dodge: Dodged            |    98 |    25 |   133 ||   256
